 Dungeon Crawl Stone Soup version 0.22-a0-91-g23542c2 (webtiles) character file.

2230 4thArraOfDagon the Fighter (level 9, -2/76 HPs)
             Began as a Human Wanderer on Jan 22, 2018.
             Was an Initiate of the Shining One.
             Slain by a hornet (12 damage)
             ... while paralysed by a hornet
             ... on level 8 of the Dungeon.
             The game lasted 00:13:01 (2381 turns).

4thArraOfDagon the Fighter (Human Wanderer)         Turns: 2381, Time: 00:13:02

Health: -2/76      AC: 10    Str:  9    XL:     9   Next: 62%
Magic:  14/14      EV:  2    Int: 16    God:    the Shining One [......]
Gold:   304        SH:  0    Dex: 21    Spells: 7/10 levels left

rFire    + . .     SeeInvis .   r - +0 war axe
rCold    + . .     Gourm    .   (no shield)
rNeg     . . .     Faith    .   a - +2 scale mail
rPois    +         Spirit   .   (no helmet)
rElec    +         Reflect  .   (no cloak)
rCorr    +         Harm     .   (no gloves)
MR       .....                  (no boots)
Stlth    +.........             l - amulet of rage
HPRegen  0.22/turn              C - +1 ring of protection
MPRegen  0.14/turn              (no ring)

@: paralysed, agile, lethally poisoned (-2 -> -5), resistant, berserk cooldown,
slowed, glowing
A: no striking features
a: Renounce Religion, Evoke Berserk Rage


You were on level 8 of the Dungeon.
You worshipped the Shining One.
The Shining One was noncommittal.
You were not hungry.

You visited 1 branch of the dungeon, and saw 9 of its levels.

You collected 304 gold pieces.

Inventory:

Hand Weapons
 d - a +0 dagger
 h - a +0 short sword
 r - a +0 war axe (weapon)
 B - the +3 hunting sling "Kawka" {flame, rN++ Int+4 Dex-5 Stlth+}
   (You found it on level 7 of the Dungeon)

   It causes projectiles fired from it to burn those they strike, causing extra
   injury to most foes and up to half again as much damage against particularly
   susceptible opponents.
   It affects your intelligence (+4).
   It affects your dexterity (-5).
   It greatly protects you from negative energy.
   It makes you more stealthy.
Armour
 a - a +2 scale mail (worn)
 g - a +0 pair of boots
Jewellery
 i - an uncursed amulet of magic regeneration
 l - an amulet of rage (around neck)
 C - a +1 ring of protection (left hand)
Wands
 A - a wand of acid (6)
Scrolls
 c - 3 scrolls of teleportation {unknown}
 e - 2 scrolls of remove curse {unknown}
 k - a scroll of enchant weapon {unknown}
 m - 2 scrolls of enchant armour {unknown}
 o - 3 scrolls of magic mapping {unknown}
 t - 2 scrolls of fog {unknown}
 u - a scroll of immolation
Potions
 j - 2 potions of berserk rage {unknown}
 n - 2 potions of might {unknown}
 w - a potion of brilliance {unknown}
Books
 b - Sif Muna's Tome of Slavery

   Spells                             Type                      Level
   a - Summon Butterflies             Summoning                    1
   b - Call Canine Familiar           Summoning                    3
Comestibles
 f - 7 rations


   Skills:
 - Level 9.2 Fighting
 * Level 3.3(3.4) Axes
   Level 1.0(2.3) Maces & Flails
 - Level 1.0 Throwing
 - Level 4.0 Armour
 - Level 1.0 Spellcasting
   Level 1.0 Necromancy
   Level 1.0 Earth Magic
 - Level 7.0 Evocations


You had 7 spell levels left.
You knew the following spells:

 Your Spells              Type           Power        Failure   Level  Hunger
a - Call Canine Familiar  Summ           #.......     99%         3    ####...


Dungeon Overview and Level Annotations

Branches:
Dungeon (9/15)
 Temple: D:4-7         Lair: D:8-11         Orc: D:9-12

Altars:
Dithmenos
The Shining One

Shops:
D:5 [

Portals:
Sewer: D:4

Annotations:
D:2 Natasha
D:4 Robin


Message History

The worker ant zombie misses you. The hornet closely misses you.
The worker ant zombie barely misses you.
Unknown command.
Evoke which item? (* to show all) (? for menu, Esc to quit)
Aiming: Corrosive Bolt
Press: ? - help, Shift-Dir - straight line, f/p - hornet
Aim: a hornet (heavily wounded, covered in acid)
The bolt of acid misses the hornet.
The hornet closely misses you. The hornet stings you!
* * * LOW HITPOINT WARNING * * *
You suddenly lose the ability to move!
The worker ant zombie bites you but does no damage.
The hornet stings you.
* * * LOW HITPOINT WARNING * * *
The hornet stings you.
* * * LOW HITPOINT WARNING * * *
You are poisoned.
The worker ant zombie bites you but does no damage.
You feel sick. The hornet stings you!
You die...

#..##_##..#
##...'##...#
#.....#....#
#.P≈.....#.#
#.P≈P......#
#.....⌠.#.##
##......#.#
###Z.†...#
#.@###.#
##y###.#
#<.)..#
#######.###
...#(....#####
#...#.....%.#
##..#.......#
##.#.......#
#.........#


You could see a hornet and a worker ant zombie.

Vanquished Creatures
  A two-headed ogre (D:8)
  A troll (D:8)
  A hippogriff (D:7)
  2 phantoms
  2 ogres (D:5)
  A necrophage (D:7)
  A centaur (D:7)
  2 bullfrogs (D:8)
  Blork the orc (D:5)
  A scorpion (D:4)
  A crimson imp (D:8)
  A jelly (D:5)
  2 hounds
  3 orc wizards
  2 worker ants (D:8)
  7 gnolls
  6 adders
  2 shadow imps (D:8)
  An ooze (D:1)
  An adder zombie (D:7)
  An adder skeleton (D:5)
  A worm (D:4)
  A dart slug (D:1)
  2 leopard geckos
  3 orcs
  2 ball pythons
  4 giant cockroaches
  5 hobgoblins
  7 jackals
  5 quokkas
  3 bats
  4 frilled lizards
  6 goblins
  4 kobolds
  7 rats
94 creatures vanquished.

Notes
Turn   | Place    | Note
-------+----------+-------------------------------------------
     0 | D:1      | 4thArraOfDagon the Human Wanderer began the quest for the Orb.
     0 | D:1      | 4thArraOfDagon set off with: a +2 scale mail, Sif Muna's Tome of Slavery, a potion of lignification, a +0 dagger, a ration
     0 | D:1      | Reached XP level 1. HP: 13/13 MP: 2/2
     0 | D:1      | Identified Sif Muna's Tome of Slavery
    35 | D:1      | Reached skill level 1 in Fighting
    47 | D:1      | Reached XP level 2. HP: 16/21 MP: 3/3
   118 | D:1      | Reached skill level 2 in Fighting
   217 | D:1      | Reached XP level 3. HP: 17/28 MP: 4/4
   309 | D:2      | Learned a level 3 spell: Call Canine Familiar
   456 | D:2      | Reached skill level 3 in Fighting
   574 | D:2      | Reached XP level 4. HP: 34/35 MP: 5/5
   690 | D:2      | Noticed Natasha
   761 | D:3      | You fall through a shaft!
   761 | D:4      | Found a glowing drain.
   761 | D:4      | Noticed Robin
   829 | D:4      | wazuzu: siemanko
   997 | D:4      | Reached XP level 5. HP: 41/41 MP: 5/7
  1086 | D:5      | Entered Level 5 of the Dungeon
  1086 | D:5      | Noticed an ogre
  1087 | D:5      | 4thArraOfDagon: elo
  1102 | D:5      | Killed an ogre
  1102 | D:5      | Reached XP level 6. HP: 47/47 MP: 7/9
  1148 | D:5      | Found Peutsiff's Armour Shop.
  1172 | D:5      | Noticed a phantom
  1175 | D:5      | Found a shadowy altar of Dithmenos.
  1222 | D:5      | Killed a phantom
  1222 | D:5      | Reached skill level 5 in Evocations
  1296 | D:5      | Reached XP level 7. HP: 52/52 MP: 11/11
  1393 | D:5      | Noticed Blork the orc
  1410 | D:5      | Killed Blork the orc
  1429 | D:5      | Found Piejaguth's General Store.
  1624 | D:7      | Reached skill level 4 in Fighting
  1624 | D:7      | Reached XP level 8. HP: 28/60 MP: 13/13
  1798 | D:7      | Reached skill level 5 in Fighting
  1814 | D:7      | Noticed a hippogriff
  1840 | D:7      | Killed a hippogriff
  1840 | D:7      | Reached skill level 6 in Fighting
  1912 | D:7      | Thaneod: lord z silence;/
  1941 | D:7      | Got a translucent hunting sling
  1950 | D:7      | Thaneod: i summonami
  2077 | D:7      | You fall through a shaft!
  2078 | D:8      | Noticed a two-headed ogre
  2096 | D:8      | HP: 3/65 [cloud of flame (12)]
  2100 | D:8      | Killed a two-headed ogre
  2100 | D:8      | Reached skill level 7 in Fighting
  2100 | D:8      | Reached skill level 9 in Fighting
  2100 | D:8      | Reached XP level 9. HP: 4/76 MP: 14/14
  2226 | D:8      | Identified the +3 hunting sling "Kawka" {flame, rN++ Int+4 Dex-5 Stlth+} (You found it on level 7 of the Dungeon)
  2262 | D:8      | Found a glowing golden altar of the Shining One.
  2288 | D:8      | Became a worshipper of the Shining One
  2333 | D:8      | Noticed a troll
  2355 | D:8      | Killed a troll
  2366 | D:8      | Noticed a hornet
  2369 | D:8      | Paralysed by a hornet for 2 turns
  2374 | D:8      | Paralysed by a hornet for 3 turns
  2379 | D:8      | Paralysed by a hornet for 3 turns
  2381 | D:8      | Slain by a hornet

Vault maps used:
D:1:      dpeg_arrival_pond
D:2:      bloody_trog, uniq_natasha
D:3:      minmay_misc_feat_doors, corexii_leaking_fountain
D:4:      cheibrodos_sewer_entry_drain, uniq_robin
D:5:      first_ration, serial_shops, nicolae_shop_crystal,
          nicolae_shop_behind_doors, nicolae_shop_crystal, hex_large,
          nicolae_dithmenos_the_darkroom, uniq_blork_the_orc
D:6:      temple_hall, hex_tiny
D:7:      uniq_pikel
D:8:      tso_oasis_becter, serial_shops, shop
D:9:      david_lair_shrubbed

Skill      XL: |  1  2  3  4  5  6  7  8  9 |
---------------+----------------------------+-----
Fighting       | 1 2 3 4 9 |  9.2
Evocations     | 3 4 5 7 |  7.0
Axes           | 3 |  3.3
Maces & Flails | |  1.0
Throwing       | |  1.0
Armour         | |  4.0
Spellcasting   | |  1.0
Necromancy     | |  1.0
Earth Magic    | |  1.0

Action                   |  1- 3 |  4- 6 |  7- 9 || total
-------------------------+-------+-------+-------++-------
Melee: Dagger            |    30 |       |       ||    30
       Short sword       |   126 |   132 |   199 ||   457
       War axe           |       |       |    18 ||    18
Throw: Throwing net      |       |       |     2 ||     2
 Abil: Evoke Berserk Rag |       |     7 |     8 ||    15
Evoke: Wand              |       |       |    27 ||    27
  Use: Potion            |     1 |       |     4 ||     5
       Scroll            |       |       |     7 ||     7
 Stab: Paralysed         |       |       |    78 ||    78
  Eat: Chunk             |       |     7 |     4 ||    11
       Ration            |       |       |     3 ||     3
Armor: Scale mail        |    89 |    80 |   114 ||   283
       Skin              |    23 |       |       ||    23
Dodge: Dodged            |    46 |    74 |    74 ||   194

Table legend:
 A = Spawn XP
 B = Non-spawn XP
 C = Spawn XP percentage of total XP
 D = Spawn monster count
 E = Non-spawn monster count
 F = Spawn count percentage of total count
 G = Total turns spent on level
                    A         B        C        D         E        F      G
               +---------+---------+-------+---------+---------+-------+---------
         Total |       0 |    3187 |   0.0 |       0 |      94 |   0.0 |  2381
               +---------+---------+-------+---------+---------+-------+---------
           D:1 |       0 |      39 |   0.0 |       0 |      21 |   0.0 |   294
           D:2 |       0 |      60 |   0.0 |       0 |      15 |   0.0 |   390
           D:3 |       0 |       9 |   0.0 |       0 |       5 |   0.0 |    87
           D:4 |       0 |      95 |   0.0 |       0 |      12 |   0.0 |   315
           D:5 |       0 |     616 |   0.0 |       0 |      10 |   0.0 |   476
           D:7 |       0 |     783 |   0.0 |       0 |      15 |   0.0 |   485
           D:8 |       0 |    1585 |   0.0 |       0 |      16 |   0.0 |   302
               +---------+---------+-------+---------+---------+-------+---------
